 Dungeon Crawl Stone Soup version 0.18-a0-19-g8b99b3a (webtiles) character file.

32246 UristPineapples the Umbral (level 13, 23/98 HPs)
             Began as a Demonspawn Assassin on Oct 28, 2015.
             Was an Elder of Dithmenos.
             Quit the game on level 15 of the Dungeon on Nov 1, 2015.
             The game lasted 02:15:07 (22089 turns).

UristPineapples the Umbral (Demonspawn Assassin)   Turns: 22089, Time: 02:15:07

Health: 23/98      AC: 19    Str: 17    XL:     13   Next: 30%
Magic:  21/21      EV: 15    Int: 15    God:    Dithmenos [****..]
Gold:   2303       SH:  0    Dex: 20    Spells: 2 memorised, 14 levels left

rFire  + + .     SeeInvis .     O - +5 dagger
rCold  . . .     Clarity  .     k - +2 leather armour of Love and Death {rPois Str+2}
rNeg   . . .     SustAt   .     (no shield)
rPois  +         Gourm    .     (helmet restricted)
rElec  .         Spirit   .     T - +2 cloak {rPois}
rCorr  .         Warding  .     a - +0 pair of gloves of the Duchess {rPois Str+4 Slay+2}
rMut   .         Stasis   .     l - +1 pair of boots
MR     .....                    w - amulet of regeneration
Stlth  ++++++....               u - +2 ring of protection
                                r - ring of poison resistance

@: wreathed by umbra, not resistant to hostile enchantments, very stealthy
A: antennae 2, hooves 1, molten scales 3, clever 1, fire resistance 1, spiny 1
a: Shadow Step, Renounce Religion


You were on level 15 of the Dungeon.
You worshipped Dithmenos.
Dithmenos was greatly pleased with you.
You were not hungry.

You visited 3 branches of the dungeon, and saw 21 of its levels.
You also visited: Labyrinth.

You collected 2395 gold pieces.

Inventory:

Hand Weapons
 o - a +3 dagger of freezing
 D - a +2 vampiric dagger
 F - a +3 dagger of speed
 G - a +1 blowgun of evasion
 L - a +2 dagger of venom
 O - a +5 dagger (weapon)
 S - the +6 shortbow "Dohufira" {velocity, rF++}
   (You found it in a labyrinth)

   Any arrow fired from it inflicts extra damage.
   It greatly protects you from fire.
Missiles
 e - 26 poisoned needles
 m - 8 tomahawks of returning
 I - 2 curare-tipped needles
 J - 5 javelins (quivered)
 P - 5 javelins of penetration
Armour
 a - the +0 pair of gloves of the Duchess (worn) {rPois Str+4 Slay+2}
   (You acquired it on level 9 of the Dungeon)

   It affects your strength (+4).
   It affects your accuracy and damage with ranged weapons and melee attacks
   (+2).
   It protects you from poison.
 d - a +2 robe of fire resistance
 k - the +2 leather armour of Love and Death (worn) {rPois Str+2}
   (You found it on level 12 of the Dungeon)

   It affects your strength (+2).
   It protects you from poison.
 l - a +1 pair of boots (worn)
 n - a steam dragon hide
 p - a +2 cloak
 t - the +1 leather armour "Diuquw" {rN+}
   (You found it on level 6 of the Dungeon)

   It protects you from negative energy.
 K - a troll hide
 T - a +2 cloak of poison resistance (worn)
 U - a +1 robe of magic resistance
Magical Staves
 W - an uncursed staff of power
Rods
 b - a +2 rod of inaccuracy (10/10)
   (You took it off a minotaur in a labyrinth)
 Q - a +3 iron rod (9/9)
   (You found it in a labyrinth)
Jewellery
 r - a ring of poison resistance (left hand)
 u - a +2 ring of protection (right hand)
 w - an amulet of regeneration (around neck)
Wands
 v - a wand of slowing (23)
 H - a wand of draining (2)
Scrolls
 f - a scroll of identify
 h - 11 scrolls of remove curse
 y - 4 scrolls of recharging
 z - a scroll of fog
 C - 5 scrolls of amnesia
 M - 2 scrolls of vulnerability
 Y - a scroll of teleportation
Potions
 x - 2 potions of resistance
 A - 2 potions of brilliance
 R - a potion of magic
Books
 i - a book of Enchantments

   Spells                             Type                      Level
   a - Cause Fear                     Hexes                        4
   b - Silence                        Hexes/Air                    5
   c - Deflect Missiles               Charms/Air                   6
   d - Haste                          Charms                       6
   e - Discord                        Hexes                        8
 q - Tyroni's Tome of Damaging Curses
   (You found it in a labyrinth)

   Spells                             Type                      Level
   a - Dazzling Spray                 Conjuration/Hexes            3
   b - Confuse                        Hexes                        3
   c - Fulminant Prism                Conjuration/Hexes            4
   d - Leda's Liquefaction            Hexes/Earth                  4
   e - Mass Confusion                 Hexes                        6
 Z - a book of Hinderance

   Spells                             Type                      Level
   a - Confusing Touch                Hexes                        2
   b - Confuse                        Hexes                        3
   c - Gell's Gravitas                Hexes/Translocation          3
   d - Petrify                        Transmutation/Earth          4
   e - Metabolic Englaciation         Hexes/Ice                    5
Miscellaneous
 j - a plain deck of wonders {Dowsing}
 B - a plain deck of changes {drawn: 1}
 X - an ornate deck of escape {Famine}
Comestibles
 c - 3 slices of pizza
 g - 6 bread rations
 s - 10 fruits
 E - 9 royal jellies
 V - 3 beef jerkies


   Skills:
 - Level 7.6 Fighting
 - Level 5.5 Short Blades
 - Level 1.7 Throwing
 - Level 10.4 Armour
 * Level 5.6 Dodging
 + Level 8.8 Stealth
 - Level 5.3 Spellcasting
 * Level 7.4 Hexes
 - Level 5.6 Ice Magic
 - Level 11.9 Invocations


You had 14 spell levels left.
You knew the following spells:

 Your Spells              Type           Power        Failure   Level  Hunger
a - Metabolic Englaciati  Hex/Ice        ###.......   38%         5    ######.
b - Confuse               Hex            ####....     2%          3    ###....


Dungeon Overview and Level Annotations

Branches:
Dungeon (15/15)            Temple (0/1) D:6            Lair (2/8) D:11
    Orc (4/4) D:11            Elf (0/3) Orc:3        Vaults (0/5) D:14
 Depths: D:15

Altars:
Ashenzari
Cheibriados
Dithmenos
Elyvilon
Fedhas
Kikubaaqudgha
Nemelex Xobeh
Qazlal
Ru
Sif Muna
Trog
Vehumet
Xom
Yredelemnul
The Shining One
Beogh

Annotations:
D:4 endege's ghost, novice MiFi
D:14 Azrael
Lair:1 exclusion: oklob plant, Uberwunderbarhen's ghost, journeyman OpFi
Lair:2 exclusion: door
Orc:4 Donald


Innate Abilities, Weirdness & Mutations

You have a pair of antennae on your head.
You are completely covered in molten scales (AC +4, EV -1, rF+).
Your flesh is heat resistant.
You are partially covered in sharp spines.
You have large cloven feet.
Your mind is acute. (Int +2)


Message History

You hit the skeletal warrior.
The skeletal warrior is moderately damaged.
You hit the skeletal warrior.
The skeletal warrior is heavily damaged.
The skeletal warrior barely misses you.
You hit the skeletal warrior but do no damage.
The skeletal warrior is heavily damaged.
The skeletal warrior hits you with a dire flail!
You closely miss the skeletal warrior.
The skeletal warrior is heavily damaged.
You hit the skeletal warrior but do no damage.
The skeletal warrior is heavily damaged.
The skeletal warrior hits you with a dire flail!
You hit the skeletal warrior but do no damage.
The skeletal warrior is heavily damaged.
The skeletal warrior hits you with a dire flail!
* * * LOW HITPOINT WARNING * * *
You hit the skeletal warrior but do no damage.
The skeletal warrior is heavily damaged.
Are you sure you want to abandon this character and quit the game? (Confirm with "yes".)

#..##. #..... #+ ###
#....# ... ...#####.##.+
...###.......##.#
.............<..########
z........##.............
.........##..#........#
.z...........#@.......#
z###z......#z.......#
z.........z.............
########################


You could see a skeletal warrior.

Vanquished Creatures
  Snorg (Orc:1)
  A minotaur (Lab)
  Erica (D:8)
  3 centaur warriors
  Urug (Orc:1)
  Sonja (Orc:3)
  3 hill giants
  An ugly thing (D:11)
  An orc sorcerer (Orc:3)
  2 cyclopes
  A griffon (Lair:2)
  A black mamba (Lair:1)
  Maurice (D:8)
  The ghost of endege the Covered, a novice MiFi (D:5)
  2 centaur skeletons
  Psyche (D:8)
  A gargoyle (D:13)
  5 yaktaurs (D:13)
  2 komodo dragons
  5 trolls
  A two-headed ogre (D:14)
  A trapdoor spider (D:13)
  23 yaks
  A deep elf mage (D:14)
  A vampire (D:14)
  A shadow (D:14)
  A yak (shapeshifter) (D:13)
  2 steam dragons
  7 hippogriffs
  5 hungry ghosts
  A warg (Orc:3)
  A hell hound (D:14)
  6 vampire mosquitoes (D:14)
  23 orc warriors
  2 necrophages
  2 black bears
  8 spiders (D:12)
  3 sky beasts
  6 ogres
  A water moccasin (D:13)
  4 phantoms
  A porcupine (Lair:2)
  4 centaurs
  An eye of draining (D:6)
  4 ice beasts
  4 big kobolds
  The ghost of tp1 the Magician, an amateur DECj (D:3)
  2 crocodiles
  13 giant frogs
  4 scorpions
  A wyvern skeleton (D:12)
  6 killer bees (D:8)
  9 wights
  3 crimson imps
  3 giant frog zombies
  3 centaur zombies
  25 orc priests
  34 orc wizards
  6 hounds
  6 jellies
  A quasit (D:11)
  A giant frog skeleton (D:10)
  6 iguanas
  9 worker ants
  A hound zombie (D:11)
  2 hound skeletons
  3 worker ant zombies
  Robin (D:3)
  5 river rats (Lair:2)
  12 adders
  16 gnolls
  2 shadow imps
  8 oozes
  A worm (D:3)
  8 giant geckos
  188 orcs
  2 ball pythons
  2 giant cockroaches
  18 goblins
  6 hobgoblins
  6 jackals
  27 kobolds
  A ball python skeleton (D:4)
  10 bats
  A giant gecko skeleton (D:4)
  8 giant newts
  A jackal zombie (D:7)
  A quokka (D:9)
  2 quokka skeletons
  5 rats
619 creatures vanquished.

Vanquished Creatures (collateral kills)
  A shadow imp (D:14)
1 creature vanquished.

Vanquished Creatures (others)
  A big kobold (D:14)
1 creature vanquished.

Grand Total: 621 creatures vanquished

Notes
Turn   | Place    | Note
--------------------------------------------------------------
     0 | D:1      | UristPineapples the Demonspawn Assassin began the quest for the Orb.
     0 | D:1      | Reached XP level 1. HP: 16/16 MP: 1/1
   140 | D:1      | Reached skill level 4 in Stealth
   140 | D:1      | Gained mutation: You have a pair of small antennae on your head. [demonic ancestry]
   140 | D:1      | Reached XP level 2. HP: 11/22 MP: 2/2
   831 | D:1      | Gained mutation: You have a pair of antennae on your head. [demonic ancestry]
   831 | D:1      | Reached XP level 3. HP: 27/27 MP: 3/3
  1494 | D:2      | Gained mutation: You are partially covered in sharp spines. [demonic ancestry]
  1494 | D:2      | Reached XP level 4. HP: 33/33 MP: 4/4
  1497 | D:2      | Reached skill level 5 in Stealth
  1513 | D:2      | Found a shadowy altar of Dithmenos.
  1519 | D:2      | Became a worshipper of Dithmenos the Shadowed
  1538 | D:2      | Found a faded altar to an unknown god.
  1709 | D:2      | Found an ancient bone altar of Kikubaaqudgha.
  2048 | D:3      | Noticed tp1's ghost (amateur DECj)
  2251 | D:3      | Noticed Robin
  2253 | D:3      | Killed Robin
  2253 | D:3      | Reached * piety under Dithmenos
  2253 | D:3      | Gained mutation: You are partially covered in molten scales (AC +1). [demonic ancestry]
  2253 | D:3      | Reached XP level 5. HP: 38/38 MP: 5/5
  2304 | D:3      | Killed tp1's ghost
  2523 | D:3      | Reached skill level 6 in Stealth
  2660 | D:3      | Reached XP level 6. HP: 34/44 MP: 6/6
  3193 | D:4      | Noticed endege's ghost (novice MiFi)
  3253 | D:4      | Found a shimmering altar of Xom.
  3631 | D:4      | Reached ** piety under Dithmenos
  4103 | D:4      | Reached skill level 7 in Stealth
  4111 | D:5      | Entered Level 5 of the Dungeon
  4120 | D:4      | Reached XP level 7. HP: 43/50 MP: 7/7
  4347 | D:5      | Reached skill level 8 in Stealth
  4520 | D:5      | Reached skill level 1 in Invocations
  4657 | D:5      | Reached skill level 5 in Short Blades
  4698 | D:5      | Found a bloodstained altar of Trog.
  4699 | D:5      | Found a sacrificial altar of Ru.
  5128 | D:5      | Reached XP level 8. HP: 38/56 MP: 8/10
  5132 | D:5      | Gained mutation: Potions and wands are less effective at restoring your health. [mutagenic meat]
  5133 | D:5      | Gained mutation: Your mind is acute. (Int +2) [mutagenic meat]
  5134 | D:5      | Gained mutation: Your magical capacity is low (-10% MP). [mutagenic meat]
  5139 | D:5      | Gained mutation: You are clumsy. (Dex -2) [potion of mutation]
  5139 | D:5      | Gained mutation: You are frail (-10% HP). [potion of mutation]
  5140 | D:5      | Lost mutation: Your magical capacity is low (-10% MP). [potion of mutation]
  5140 | D:5      | Gained mutation: You have a pair of large antennae on your head (SInv). [potion of mutation]
  5502 | D:6      | Found a sparkling altar of Nemelex Xobeh.
  5517 | D:6      | Found a radiant altar of Vehumet.
  5615 | D:6      | Reached skill level 5 in Invocations
  5660 | D:6      | Got a brightly glowing hand axe
  5661 | D:6      | Identified the +7 hand axe of the Stoat {flame, rN+ MR+ Dex+3} (You found it on level 6 of the Dungeon)
  5709 | D:6      | Found a staircase to the Ecumenical Temple.
  5716 | D:6      | Got a transparent leather armour
  5717 | D:6      | Identified the cursed +1 leather armour "Diuquw" {rN+} (You found it on level 6 of the Dungeon)
  5801 | D:6      | Reached skill level 1 in Dodging
  5972 | D:7      | Found a blossoming altar of Fedhas.
  6153 | D:7      | Reached *** piety under Dithmenos
  6184 | D:7      | Reached skill level 1 in Armour
  6190 | D:7      | Reached XP level 9. HP: 33/54 MP: 13/13
  6500 | D:7      | Found a deep blue altar of Sif Muna.
  6504 | D:7      | Found a snail-covered altar of Cheibriados.
  6509 | D:7      | Found a stormy altar of Qazlal.
  7065 | D:7      | Gained mutation: Your muscles are strong. (Str +2) [mutagenic meat]
  7067 | D:7      | Gained mutation: You have large cloven feet. [mutagenic meat]
  7068 | D:7      | Gained mutation: You occasionally shout uncontrollably at your foes. [mutagenic meat]
  7069 | D:7      | Gained mutation: You are mostly covered in molten scales (AC +3, EV -1). [mutagenic meat]
  7116 | D:8      | Found a shattered altar of Ashenzari.
  7126 | D:8      | Noticed Psyche
  7132 | D:8      | Killed Psyche
  7185 | D:8      | Reached skill level 5 in Armour
  7385 | D:8      | Found a glowing golden altar of the Shining One.
  7387 | D:8      | Noticed an angel
  7402 | D:8      | Found a basalt altar of Yredelemnul.
  7404 | D:8      | Noticed a profane servitor
  7437 | D:8      | Noticed Maurice
  7444 | D:8      | Killed Maurice
  7475 | D:8      | Reached skill level 9 in Invocations
  7484 | D:8      | Noticed Erica
  7600 | D:8      | Killed Erica
  7600 | D:8      | Reached XP level 10. HP: 46/60 MP: 15/17
  7668 | D:8      | Identified a scroll of acquirement
  8223 | D:9      | Learned a level 5 spell: Metabolic Englaciation
  8224 | D:9      | Upgraded the game from 0.17-a0-2220-g6fea741 to 0.17-a0-2231-gd80ca38
  8330 | D:9      | Lost mutation: Your muscles are strong. (Str +2) [potion of cure mutation]
  8330 | D:9      | Lost mutation: Potions and wands are less effective at restoring your health. [potion of cure mutation]
  8330 | D:9      | Lost mutation: You occasionally shout uncontrollably at your foes. [potion of cure mutation]
  8330 | D:9      | Lost mutation: You are clumsy. (Dex -2) [potion of cure mutation]
  8330 | D:9      | Lost mutation: You are frail (-10% HP). [potion of cure mutation]
  8330 | D:9      | Lost mutation: You have a pair of large antennae on your head (SInv). [potion of cure mutation]
  8435 | D:9      | Reached skill level 10 in Invocations
  8468 | D:9      | Got a pair of translucent gloves
  8479 | D:9      | Identified the +0 pair of gloves of the Duchess {rPois Str+4 Slay+2} (You acquired it on level 9 of the Dungeon)
  9323 | D:10     | Entered Level 10 of the Dungeon
  9356 | D:10     | Reached skill level 11 in Invocations
  9610 | D:10     | Gained mutation: You are completely covered in molten scales (AC +4, EV -1, rF+). [demonic ancestry]
  9610 | D:10     | Reached XP level 11. HP: 72/72 MP: 14/19
  9897 | D:10     | Reached skill level 10 in Armour
 10742 | D:11     | Found a staircase to the Lair.
 10873 | D:11     | Reached skill level 1 in Ice Magic
 11194 | D:11     | Noticed a hill giant
 11398 | D:5      | Killed endege's ghost
 12168 | Lair:1   | Entered Level 1 of the Lair of Beasts
 12401 | Lair:1   | Noticed Uberwunderbarhen's ghost (journeyman OpFi)
 12530 | Lair:2   | Reached skill level 5 in Ice Magic
 13328 | D:12     | Reached skill level 1 in Spellcasting
 13337 | D:12     | Got an ichor-stained leather armour
 13338 | D:12     | Identified the +2 leather armour of Love and Death {rPois Str+2} (You found it on level 12 of the Dungeon)
 13374 | D:12     | Mutation became permanent: You are completely covered in molten scales (AC +4, EV -1, rF+). [demonic ancestry]
 13374 | D:12     | Reached XP level 12. HP: 66/85 MP: 20/20
 13377 | D:12     | Reached skill level 5 in Fighting
 14574 | D:13     | Found a white marble altar of Elyvilon.
 14793 | D:13     | Noticed a centaur warrior
 14795 | D:13     | Killed a centaur warrior
 14854 | D:13     | HP: 1/88 [yaktaur (6)]
 14865 | D:13     | Reached skill level 5 in Spellcasting
 15213 | D:13     | Found a roughly hewn altar of Beogh.
 15238 | D:13     | Reached skill level 1 in Hexes
 15636 | D:11     | Killed a hill giant
 15718 | D:11     | Found a staircase to the Orcish Mines.
 15787 | Orc:1    | Entered Level 1 of the Orcish Mines
 15993 | Orc:1    | Reached **** piety under Dithmenos
 16235 | Orc:1    | Noticed Urug
 16281 | Orc:1    | Killed Urug
 16553 | Orc:2    | Noticed Snorg
 16701 | Orc:1    | Upgraded the game from 0.17-a0-2231-gd80ca38 to 0.18-a0-1-gfac8111
 17420 | Orc:3    | Found a staircase to the Elven Halls.
 17493 | Orc:3    | Noticed Sonja
 17498 | Orc:3    | Killed Sonja
 17782 | Orc:3    | Noticed Donald
 18126 | Orc:1    | Killed Snorg
 18126 | Orc:1    | Reached skill level 5 in Hexes
 18593 | Orc:4    | Entered Level 4 of the Orcish Mines
 18637 | Orc:4    | Found a labyrinth entrance.
 18648 | Lab      | Entered a labyrinth
 18917 | Lab      | Noticed a minotaur
 18935 | Lab      | Killed a minotaur
 18962 | Lab      | Identified Tyroni's Tome of Damaging Curses
 18963 | Lab      | Got an iridescent shortbow
 18995 | Lab      | Identified the +6 shortbow "Dohufira" {velocity, rF++} (You found it in a labyrinth)
 19001 | Lab      | Identified a +2 rod of inaccuracy (5/10) (You took it off a minotaur in a labyrinth)
 19730 | Orc:3    | Gained mutation: Your flesh is heat resistant. [demonic ancestry]
 19730 | Orc:3    | Reached XP level 13. HP: 78/98 MP: 21/21
 20072 | Orc:2    | Learned a level 3 spell: Confuse
 20698 | D:14     | Noticed a salamander stormcaller
 21073 | D:14     | Reached skill level 5 in Dodging
 21207 | D:14     | Found a gate to the Vaults.
 21278 | D:14     | Hired Kuga the big kobold for 92 gold.
 21523 | D:14     | Noticed Azrael
 21783 | D:14     | Your ally Kuga died
 21903 | D:13     | Upgraded the game from 0.18-a0-1-gfac8111 to 0.18-a0-19-g8b99b3a
 22024 | D:15     | Entered Level 15 of the Dungeon
 22089 | D:15     | Quit the game

Vault maps used:
D:1:      onia_arrival_pyramid, minivault_23, st_stairs_14
D:2:      kiku_gazebo_garden_becter, ecumenical_altar_2, st_stairs_9,
          minmay_misc_feat_five, nicolae_dithmenos_through_a_glass_darkly
D:3:      first_bread, uniq_robin
D:4:      lemuel_round_altar
D:5:      nicolae_overflow_hidden_temple, minmay_hedge_maze,
          serial_bayou_ford_a, grunt_ministairs_15
D:6:      vehumet_crystals, nemelex_deck, minmay_temple_entry_trees,
          item_on_display_a
D:7:      minmay_overflow_temple_star_quad, kennysheep_mini_moat
D:8:      grunt_temple_overflow_holy_war, kennysheep_mini,
          hangedman_little_slice_of_home, uniq_maurice, uniq_psyche, uniq_erica
D:11:     lair_0_dummy, orc_0_dummy
D:12:     spider_trap
D:13:     elyvilon_altar_3
D:14:     david_vaults_1, uniq_azrael
D:15:     grunt_enter_depths_hoard, uniq_josephine
Lair:1:   dragon1_lemuel, dpeg_stationary_puzzle, infiniplex_staircase_pool
Lair:2:   lemuel_slime, bh_autumn_forest_stairs, lemuel_fruit_tree
Orc:1:    nicolae_orc_flooded_monolith, uniq_urug
Orc:2:    uniq_snorg
Orc:3:    nicolae_orc_pool_cavern, uniq_sonja, uniq_donald
Orc:4:    grunt_orc_tribal_feast, lab_entry_generic
Lab:      labyrinth_mini_lab, nicolae_lab_checkerboard

Action                   |  1- 3 |  4- 6 |  7- 9 | 10-12 | 13-15 || total
-------------------------+-------+-------+-------+-------+-------++-------
Melee: Dagger            |   103 |   138 |   224 |  1279 |   258 ||  2002
 Fire: Blowgun           |       |       |    43 |   123 |     5 ||   171
Throw: Throwing net      |       |       |       |     7 |       ||     7
       Javelin           |       |       |       |     1 |       ||     1
 Cast: Confuse           |       |       |       |       |    12 ||    12
Invok: Shadow Step       |       |       |     2 |    29 |     3 ||    34
Evoke: Wand              |       |       |       |    10 |       ||    10
       Deck              |       |       |       |       |     1 ||     1
  Use: Scroll            |       |     9 |     2 |    27 |     1 ||    39
       Potion            |       |       |    12 |    12 |       ||    24
 Stab: Sleeping          |    12 |    16 |    20 |    69 |     3 ||   120
       Distracted        |       |     2 |     2 |    12 |     1 ||    17
       Fleeing           |       |       |       |     3 |       ||     3
       Held in net/web   |       |       |       |     2 |       ||     2
       Confused          |       |       |       |     1 |     3 ||     4
  Eat: Chunk             |     2 |     5 |    19 |    29 |     1 ||    56
       Bread ration      |       |     1 |       |     4 |     1 ||     6
       Beef jerky        |       |       |       |     2 |       ||     2
       Meat ration       |       |       |       |     1 |     1 ||     2
       Royal jelly       |       |       |       |     1 |       ||     1
       Fruit             |       |       |       |     1 |       ||     1
